 Dungeon Crawl Stone Soup version 0.22.1-1-ga44c0e56f4 (webtiles) character file.

95054 Narretz the Carver (level 15, -13/124 HPs)
             Began as a Demigod Transmuter on Nov 3, 2018.
             Killed from afar by a deep elf mage (34 damage)
             ... with a bolt of lightning
             ... on level 1 of the Elven Halls on Nov 4, 2018.
             The game lasted 05:06:23 (37291 turns).

Narretz the Carver (Demigod Transmuter)            Turns: 37291, Time: 05:06:23

Health: -13/124    AC: 16    Str: 16    XL:     15   Next: 22%
Magic:  18/36      EV: 19    Int: 29    God:
Gold:   1513       SH:  6    Dex: 22    Spells: 6/38 levels left

rFire    . . .     SeeInvis +   b - +6 long sword "Beastbane" {flame, Int+2}
rCold    . . .     Gourm    .   B - +0 buckler of Understanding {*Drain Str+3 Int+3 Slay+5}
rNeg     . . .     Faith    .   I - +2 acid dragon scales
rPois    .         Spirit   .   z - +1 helmet {Int+3}
rElec    .         Reflect  .   L - scarf {repulsion}
rCorr    +         Harm     .   g - +0 pair of gloves
MR       +....                  n - +2 pair of boots {Stlth+}
Stlth    +++.......             t - amulet of magic regeneration
HPRegen  0.30/turn              T - ring of see invisible
MPRegen  0.50/turn              o - +3 ring of slaying

@: slowed, repel missiles, very slow
A: high mp 1
a: no special abilities


You were on level 1 of the Elven Halls.
You were not hungry.

You visited 4 branches of the dungeon, and saw 24 of its levels.

You collected 2600 gold pieces.
You spent 1087 gold pieces at shops.

Inventory:

Hand Weapons
 a - a +0 hunting sling
 b - the +6 long sword "Beastbane" (weapon) {flame, Int+2}
   (You found it on level 10 of the Dungeon)

   It has been specially enchanted to burn those struck by it, causing extra
   injury to most foes and up to half again as much damage against particularly
   susceptible opponents.
   Big, fiery blades are also staple armaments of hydra-hunters.
   It affects your intelligence (+2).
 x - the +10 arbalest "Zenafatio" {penet, rElec Str+4 Dex+4}
   (You found it on level 2 of the Lair of Beasts)

   Ammo fired by it will pass through the targets it hits, potentially hitting
   all targets in its path until it reaches maximum range.
   It affects your strength (+4).
   It affects your dexterity (+4).
   It insulates you from electricity.
Missiles
 e - 410 stones (quivered)
 f - 153 arrows
 F - 55 sling bullets
Armour
 g - a +0 pair of gloves (worn)
 m - a +1 cloak
 n - a +2 pair of boots of stealth (worn)
 z - a +1 helmet of intelligence (worn)
 B - the +0 buckler of Understanding (worn) {*Drain Str+3 Int+3 Slay+5}
   (You found it on level 4 of the Dungeon)

   It affects your strength (+3).
   It affects your intelligence (+3).
   It affects your accuracy and damage with ranged weapons and melee attacks
   (+5).
   It causes draining when unequipped.
 I - +2 acid dragon scales (worn)
 K - a +2 robe of cold resistance
 L - a scarf of repulsion (worn)
Magical Staves
 j - an uncursed staff of earth
 l - an uncursed staff of poison
Jewellery
 c - an uncursed ring of ice
 o - a +3 ring of slaying (right hand)
 s - a +4 ring of evasion
 t - an amulet of magic regeneration (around neck)
 J - an uncursed ring of protection from fire
 T - a ring of see invisible (left hand)
Wands
 i - a wand of acid (10)
 y - a wand of enslavement (8)
 G - a wand of scattershot (1)
 P - a wand of digging (13)
 U - a wand of paralysis (11)
 W - a wand of disintegration (13)
 X - a wand of iceblast (4)
Scrolls
 k - 14 scrolls of remove curse
 u - a scroll of fog {unknown}
 v - 2 scrolls of magic mapping
 A - 2 scrolls of identify
 D - a scroll of torment {unknown}
 M - 3 scrolls of blinking
 O - 2 scrolls of holy word
 Q - 3 scrolls of fear
 R - a scroll of teleportation
Potions
 h - 3 potions of lignification
 q - 3 potions of haste
 r - a potion of might
 C - 6 potions of agility
 E - a potion of invisibility
 H - 2 potions of heal wounds
 N - a potion of berserk rage
 S - a potion of cancellation
 V - 2 potions of magic
 Y - a potion of brilliance
 Z - 2 potions of curing
Comestibles
 d - 30 rations
 p - 4 chunks of flesh


   Skills:
 - Level 9.0 Fighting
 + Level 12.4 Long Blades
 - Level 0.1 Staves
 - Level 4.3 Slings
 - Level 5.0 Armour
 - Level 9.2 Dodging
 - Level 4.2 Shields
 - Level 5.8 Unarmed Combat
 + Level 12.1 Spellcasting
 + Level 6.5 Conjurations
 - Level 1.9 Translocations
 - Level 7.0 Transmutations
 - Level 0.1 Fire Magic
 - Level 1.0 Air Magic
 - Level 3.0 Earth Magic
 - Level 3.3 Poison Magic
 - Level 0.3 Evocations


You had 6 spell levels left.
You knew the following spells:

 Your Spells              Type           Power        Failure   Level  Hunger
a - Beastly Appendage     Tmut           ######       1%          1    None
b - Sticks to Snakes      Tmut           ######..     1%          2    None
c - Spider Form           Tmut/Pois      #####.....   1%          3    None
d - Poisonous Vapours     Pois/Air       ####..       2%          2    None
e - Blink                 Tloc           N/A          2%          2    None
f - Ice Form              Ice/Tmut       #####...     10%         4    None
g - Mephitic Cloud        Conj/Pois/Air  #####...     2%          3    None
h - Blade Hands           Tmut           ######....   6%          5    ##.....
i - Conjure Flame         Conj/Fire      #####...     3%          3    None
j - Petrify               Tmut/Erth      #####...     4%          4    None
k - Stone Arrow           Conj/Erth      #####.       1%          3    None

Your spell library contained the following spells:

 Spells                   Type           Power        Failure   Level  Hunger
 Apportation              Tloc           ####..       1%          1    None
 Magic Dart               Conj           ####         1%          1    None
 Sandblast                Erth           ####..       1%          1    None
 Passwall                 Tmut/Erth      #####...     1%          2    None
 Animate Skeleton         Necr           N/A          4%          1    None
 Confusing Touch          Hex            ###...       4%          1    None
 Summon Small Mammal      Summ           ###.         4%          1    None
 Gell's Gravitas          Tloc           ####......   5%          3    None
 Call Imp                 Summ           ###.....     6%          2    None
 Slow                     Hex            ###.....     6%          2    None
 Recall                   Summ/Tloc      N/A          8%          3    None
 Confuse                  Hex            ###.....     12%         3    None
 Yara's Violent Unravell  Hex/Tmut       #####.....   26%         5    ##.....
 Lee's Rapid Deconstruct  Erth           ####......   32%         5    ##.....
 Summon Forest            Summ/Tloc      ###.......   58%         5    ##.....
 Aura of Abjuration       Summ           ###.......   73%         5    ##.....
 Metabolic Englaciation   Hex/Ice        ###.......   73%         5    ##.....
 Summon Demon             Summ           ###.......   73%         5    ##.....
 Summon Mana Viper        Hex/Summ       ###.....     73%         5    ##.....
 Freezing Cloud           Conj/Ice/Air   ####......   91%         6    ####...
 Shadow Creatures         Summ           N/A          99%         6    ####...
 Ring of Flames           Chrm/Fire      ###.......   100%        7    ######.


Dungeon Overview and Level Annotations

Branches:
Dungeon (15/15)            Temple (0/1) D:6            Lair (6/6) D:8
 Shoals (0/4) Lair:2        Snake (0/4) Lair:2        Slime (0/5) Lair:6
    Orc (2/2) D:12            Elf (1/3) Orc:2        Vaults (0/5) D:13
 Depths (0/5) D:15

Shops:
D:7 =   D:9 [   Orc:2 (([(

Annotations:
D:1 exclusion: downstairs
D:3 exclusion: downstairs
D:6 exclusion: 2 upstairs
D:8 exclusion: door
D:9 2 transporters, KleinerIrrer's ghost, novice VSFi
D:10 exclusion: 2 oklob plants
D:15 fire giant
Lair:1 exclusion: downstairs
Lair:2 3 runed doors, exclusion: 2 downstairs, Nixze's ghost, journeyman MiFi
Lair:3 exclusion: upstairs
Lair:4 exclusion: downstairs
Lair:5 exclusion: downstairs
Lair:6 exclusions: fire dragon, 2 oklob plants and 2 more exclusions
Orc:1 !Fannar


Innate Abilities, Weirdness & Mutations

You have an increased reservoir of magic. (+10% MP)


Message History

The hand axe of flaming hits you but does no damage.
The hand axe of flaming hits you! The hand axe of flaming burns you.
You completely miss the hand axe of flaming.
The hand axe of flaming hits you but does no damage.
You slice the hand axe of flaming!!
The hand axe of flaming is almost destroyed.
The hand axe of flaming hits you!
* * * LOW HITPOINT WARNING * * *
The hand axe of flaming burns you.
* * * LOW HITPOINT WARNING * * *
The deep elf mage casts a spell.
The deep elf mage blinks!
The hand axe of flaming hits you!
* * * LOW HITPOINT WARNING * * *
The hand axe of flaming burns you.
* * * LOW HITPOINT WARNING * * *
The deep elf mage points at you and mumbles some strange words.
The bolt of lightning hits the hand axe of flaming.
The hand axe of flaming completely resists.
The bolt of lightning hits you!
You die...

#..# ...#. #..#....#......#
#..+....#..+..#....#......#
#.{#....#..#..# #......#
#[.#....#..#..# #......#
#..# #..#.e######(.....#
#.(# #..#..............#
#..# #..#..§ee.........#
#.(# #..#..##(###.....)#
#.(######..#.(#.@..#......#
##.........ee)#....#......#
.#.........#..#....#......#
.''#########..######......#
.#.)).)).).)e.............#
##.).................
##################### # #


You could see 3 deep elf magi and a hand axe of flaming.

Vanquished Creatures
  2 orc warlords (Orc:2)
  2 dire elephants (Lair:6)
  Snorg (Lair:3)
  Fannar (Orc:1)
  A deep elf high priest (Elf:1)
  4 hydras
  A centaur warrior (D:15)
  8 vault guards (D:13)
  6 two-headed ogres
  3 death yaks (Lair:6)
  4 orc high priests (Orc:2)
  2 deep elf knights (Elf:1)
  A wizard (D:15)
  6 unseen horrors
  A deep elf archer (Elf:1)
  2 lindwurms (Lair:6)
  Pikel (D:5)
  5 orc knights
  A wolf spider zombie (D:15)
  11 deep elf magi
  5 orc sorcerers
  A wolf spider (D:15)
  2 cyclopes (D:14)
  A manticore (D:15)
  3 ugly things
  3 centaur zombies
  13 elephants
  4 torpor snails (Lair:5)
  6 centaur skeletons
  7 black mambas
  10 spiny frogs
  6 komodo dragons
  5 rime drakes
  A kobold demonologist (D:12)
  6 trolls
  3 polar bears
  A harpy zombie (D:14)
  Prince Ribbit (D:5)
  3 meliai
  Grinder (D:4)
  11 blink frogs
  13 hippogriffs
  A meliai zombie (D:12)
  19 slime creatures
  2 dream sheep (Lair:6)
  5 wraiths (D:12)
  A wyvern (D:11)
  2 spriggans
  2 basilisks
  30 yaks
  A steam dragon (Lair:6)
  4 hungry ghosts
  6 vampire mosquitoes
  5 wargs
  4 nagas (Lair:2)
  2 acid dragons (Lair:6)
  13 water moccasins
  A porcupine (Lair:5)
  A swamp drake (Lair:6)
  44 orc warriors
  2 phantoms (D:7)
  A black bear (D:13)
  3 necrophages
  7 ice beasts
  16 ogres
  16 wolves
  10 centaurs
  19 crocodiles
  A gnoll sergeant (D:6)
  3 big kobolds
  Blork the orc (D:6)
  A wyvern zombie (D:12)
  18 bullfrogs
  2 wyvern skeletons
  5 scorpions
  13 killer bees
  2 electric eels (Lair:1)
  2 howler monkeys
  9 crimson imps
  A quasit (D:15)
  8 hounds
  Crazy Yiuf (D:2)
  2 bullfrog skeletons
  9 jellies
  34 orc priests
  9 iguanas
  14 worker ants
  32 orc wizards
  A killer bee zombie (D:10)
  2 hound skeletons
  A worker ant zombie (D:10)
  A howler monkey skeleton (D:9)
  10 gnolls
  12 adders
  6 shadow imps
  12 white imps
  4 oozes
  An adder zombie (D:3)
  3 adder skeletons
  2 worms (D:2)
  5 leopard geckos
  145 orcs
  7 giant cockroaches
  15 goblins
  9 hobgoblins
  23 jackals
  5 quokkas
  A ball python (D:3)
  A ball python zombie (D:6)
  6 bats
  2 frilled lizards
  A giant cockroach zombie (D:3)
  A jackal skeleton (D:4)
  20 kobolds
  2 leopard gecko skeletons
  2 quokka skeletons
  A quokka zombie (D:5)
  7 rats
  A bush (Lair:3)
862 creatures vanquished.

Vanquished Creatures (collateral kills)
  An orc warlord (Orc:2)
  Erolcha (D:13)
  Josephine (D:12)
  A hydra (Lair:5)
  A merfolk siren (Lair:2)
  A black mamba (Lair:2)
  A spiny frog (Lair:1)
  A gargoyle (D:15)
  A dream sheep (Lair:6)
  A basilisk (Lair:2)
  An orc warrior (Orc:1)
  5 jellies (Lair:2)
  Robin (D:3)
  2 gnolls (D:2)
  An adder (D:2)
  8 oozes (Lair:2)
  A worm (D:2)
  A dart slug (D:3)
  3 orcs (Orc:1)
  2 jackals
  A quokka (D:6)
  4 fungi
40 creatures vanquished.

Vanquished Creatures (others)
  A steam dragon (Lair:6)
  An orc warrior (D:15)
  A sky beast (D:5)
  A slave (D:5)
  An orc wizard (Orc:1)
  An adder (D:5)
  A bush (Lair:2)
  27 fungi
  18 plants
52 creatures vanquished.

Grand Total: 954 creatures vanquished

Notes
Turn   | Place    | Note
-------+----------+-------------------------------------------
     0 | D:1      | Narretz the Demigod Transmuter began the quest for the Orb.
     0 | D:1      | Reached XP level 1. HP: 15/15 MP: 5/5
   582 | D:1      | Reached XP level 2. HP: 22/22 MP: 5/7
  1406 | D:2      | Learned a level 2 spell: Sticks to Snakes
  1474 | D:2      | Reached XP level 3. HP: 27/27 MP: 3/8
  1593 | D:2      | Reached skill level 1 in Fighting
  2061 | D:2      | Reached XP level 4. HP: 11/35 MP: 3/10
  2541 | D:2      | Found a shimmering altar of Xom.
  2736 | D:2      | Learned a level 3 spell: Spider Form
  2829 | D:2      | Found a runed door.
  3009 | D:3      | Noticed Robin
  3017 | D:3      | Killed Robin
  3214 | D:3      | Reached XP level 5. HP: 37/40 MP: 11/11
  3262 | D:3      | Found a blossoming altar of Fedhas.
  3616 | D:2      | Noticed Crazy Yiuf
  3627 | D:2      | Killed Crazy Yiuf
  3889 | D:4      | Noticed Grinder
  4030 | D:4      | Noticed an ice beast
  4030 | D:4      | Noticed an orc warrior
  4263 | D:4      | Killed Grinder
  4263 | D:4      | Reached XP level 6. HP: 47/47 MP: 9/14
  4417 | D:4      | Got a jewelled buckler
  4425 | D:4      | Identified the +0 buckler of Understanding {*Drain Str+3
                  | Int+3 Slay+5} (You found it on level 4 of the Dungeon)
  5003 | D:5      | Entered Level 5 of the Dungeon
  5003 | D:5      | Noticed Prince Ribbit
  5386 | D:6      | Reached XP level 7. HP: 40/52 MP: 4/15
  5512 | D:6      | Reached skill level 5 in Unarmed Combat
  5676 | D:6      | Reached skill level 1 in Shields
  5754 | D:6      | Noticed Blork the orc
  6029 | D:6      | Reached XP level 8. HP: 62/62 MP: 17/17
  6036 | D:6      | Reached skill level 1 in Poison Magic
  6103 | D:6      | Found a staircase to the Ecumenical Temple.
  6493 | D:6      | Learned a level 2 spell: Poisonous Vapours
  6680 | D:5      | Found a glowing silver altar of Zin.
  6680 | D:5      | Found a stormy altar of Qazlal.
  6681 | D:5      | Found an iron altar of Okawaru.
  6696 | D:5      | Noticed Pikel
  6713 | D:5      | Killed Pikel
  7104 | D:5      | Killed Prince Ribbit
  7104 | D:5      | Reached skill level 5 in Transmutations
  7179 | D:5      | Reached skill level 5 in Spellcasting
  7179 | D:5      | Reached XP level 9. HP: 33/72 MP: 18/20
  7480 | D:6      | Killed Blork the orc
  7596 | D:7      | Found Etwe Owi's Jewellery Shoppe.
  7611 | D:7      | Learned a level 5 spell: Blade Hands
  7918 | D:7      | Found an opulent altar of Gozag.
  8224 | D:7      | Reached skill level 5 in Fighting
  8652 | D:8      | Learned a level 4 spell: Ice Form
  8799 | D:8      | Found a sparkling altar of Nemelex Xobeh.
  9325 | D:8      | Found a staircase to the Lair.
  9415 | D:8      | Found a white marble altar of Elyvilon.
  9466 | D:8      | Found a sacrificial altar of Ru.
  9804 | D:9      | Noticed a green ugly thing
  9817 | D:9      | Killed a green ugly thing
  9992 | Lair:1   | Entered Level 1 of the Lair of Beasts
 10142 | D:8      | Reached XP level 10. HP: 62/81 MP: 21/24
 10277 | D:9      | Found Untaune's Antique Armour Emporium.
 11512 | D:9      | Found a blossoming altar of Fedhas.
 11549 | D:9      | Found a transporter.
 11552 | D:9      | Noticed KleinerIrrer's ghost (novice VSFi)
 11573 | D:9      | Found a transporter.
 11786 | D:10     | Entered Level 10 of the Dungeon
 11951 | D:9      | Learned a level 3 spell: Mephitic Cloud
 12109 | D:10     | Got a smoking long sword
 12110 | D:10     | Identified the +6 long sword "Beastbane" {flame, Int+2}
                  | (You found it on level 10 of the Dungeon)
 12408 | D:10     | Found a blossoming altar of Fedhas.
 12411 | D:10     | Noticed an oklob plant
 12411 | D:10     | Noticed an oklob plant
 12471 | D:10     | Killed an unseen horror
 13087 | D:7      | Bought a +3 ring of slaying for 540 gold pieces
 13491 | Lair:1   | Learned a level 2 spell: Blink
 13787 | Lair:1   | Learned a level 3 spell: Conjure Flame
 13992 | Lair:1   | Reached skill level 1 in Armour
 14412 | Lair:1   | Reached XP level 11. HP: 89/89 MP: 23/27
 14963 | Lair:2   | Reached skill level 5 in Dodging
 15043 | Lair:2   | Found a runed gate.
 15043 | Lair:2   | Found a runed gate.
 15043 | Lair:2   | Found a runed gate.
 15228 | Lair:1   | HP: 4/89 [poisoned by a black mamba]
 15233 | Lair:1   | HP: 3/89 [poisoned by a black mamba]
 15240 | Lair:1   | HP: 3/89 [poisoned by a black mamba]
 15248 | Lair:1   | HP: 3/89 [poisoned by a black mamba]
 15680 | Lair:2   | Got a transparent arbalest
 15688 | Lair:2   | Identified the +10 arbalest "Zenafatio" {penet, rElec Str+4
                  | Dex+4} (You found it on level 2 of the Lair of Beasts)
 15837 | Lair:2   | Reached skill level 5 in Long Blades
 15862 | Lair:2   | Found a staircase to the Snake Pit.
 15925 | Lair:2   | Noticed a catoblepas
 15930 | Lair:2   | Noticed Nixze's ghost (journeyman MiFi)
 16442 | Lair:2   | Found a staircase to the Shoals.
 17156 | Lair:3   | Noticed an eight-headed hydra
 17246 | Lair:3   | Noticed Snorg
 17490 | Lair:3   | Killed Snorg
 17983 | Lair:3   | Killed a five-headed hydra
 18531 | Lair:4   | Reached XP level 12. HP: 78/97 MP: 18/29
 19431 | Lair:5   | Reached skill level 1 in Slings
 19431 | Lair:5   | Reached skill level 1 in Conjurations
 19457 | Lair:5   | Noticed an eight-headed hydra
 19968 | Lair:5   | Noticed a seven-headed hydra
 19987 | Lair:5   | Killed a six-headed hydra
 20331 | Lair:5   | Killed a seven-headed hydra
 20552 | Lair:5   | Found a snail-covered altar of Cheibriados.
 20802 | Lair:6   | Entered Level 6 of the Lair of Beasts
 20837 | Lair:6   | Found a staircase to the Slime Pits.
 21240 | Lair:6   | Noticed an eight-headed hydra
 21446 | Lair:5   | Learned a level 4 spell: Petrify
 21553 | Lair:6   | Reached skill level 10 in Long Blades
 21964 | Lair:6   | Reached skill level 10 in Spellcasting
 22250 | Lair:6   | Noticed a dire elephant
 22260 | Lair:6   | Reached XP level 13. HP: 73/105 MP: 26/31
 22323 | Lair:6   | Killed a dire elephant
 23115 | Lair:6   | Reached skill level 1 in Translocations
 23284 | Lair:6   | Noticed a dire elephant
 23395 | Lair:6   | Killed a dire elephant
 26588 | D:12     | Reached skill level 1 in Earth Magic
 26941 | D:12     | Found a staircase to the Orcish Mines.
 27109 | Orc:1    | Entered Level 1 of the Orcish Mines
 27120 | Orc:1    | Noticed Fannar
 27505 | D:13     | Reached skill level 5 in Armour
 27551 | D:13     | Found a gate to the Vaults.
 27658 | D:13     | Noticed Erolcha
 27791 | D:13     | Reached XP level 14. HP: 52/113 MP: 29/33
 28341 | D:13     | Killed Erolcha
 30098 | D:15     | Entered Level 15 of the Dungeon
 31564 | D:15     | Found a bloodstained altar of Trog.
 31577 | D:15     | Learned a level 3 spell: Stone Arrow
 31638 | D:15     | Noticed a fire giant
 31696 | D:15     | Found a staircase to the Depths.
 32698 | D:7      | Bought an uncursed ring of ice for 300 gold pieces
 32858 | Orc:1    | Noticed Josephine
 32884 | D:12     | Killed Josephine
 33946 | Orc:1    | Killed Fannar
 34372 | Orc:2    | Entered Level 2 of the Orcish Mines
 34736 | Orc:2    | Noticed an orc warlord
 34939 | Orc:2    | Found a staircase to the Elven Halls.
 35021 | Orc:2    | Reached skill level 1 in Air Magic
 35407 | Orc:2    | Found a roughly hewn altar of Beogh.
 35431 | Orc:2    | Found Liequ's Antique Weapon Emporium.
 35475 | Orc:2    | Found Esuacuet's Weapon Shoppe.
 35648 | Orc:2    | Noticed an orc warlord
 35669 | Orc:2    | Killed an orc warlord
 35786 | Orc:2    | Killed an orc warlord
 35911 | Orc:2    | Found Vuimugaq's Antique Weapon Shop.
 35939 | Orc:2    | Reached skill level 5 in Conjurations
 35955 | Orc:2    | Noticed an orc warlord
 36015 | Orc:2    | Killed an orc warlord
 36025 | Orc:2    | Paralysed by an orc sorcerer for 5 turns
 36134 | Orc:2    | Reached XP level 15. HP: 82/123 MP: 36/36
 36169 | Orc:2    | Found a roughly hewn altar of Beogh.
 36205 | Orc:2    | Found Roozuote's Armour Shoppe.
 36222 | Orc:2    | Bought a +1 helmet of intelligence for 247 gold pieces
 36891 | Elf:1    | Entered Level 1 of the Elven Halls
 37291 | Elf:1    | Killed from afar by a deep elf mage

Skill      XL: |  1  2  3  4  5  6  7  8  9 10 11 12 13 14 15 |
---------------+----------------------------------------------+-----
Unarmed Combat | 3 4 5 |  5.8
Transmutations | 2 3 4 5 6 7 |  7.0
Spellcasting   | 2 3 4 5 7 8 9 10 12 | 12.1
Dodging        | 2 3 4 6 7 8 9 |  9.2
Fighting       | 1 2 4 5 6 7 8 9 |  9.0
Shields        | 4 |  4.2
Poison Magic   | 3 |  3.3
Long Blades    | 3 7 10 12 | 12.4
Armour         | 1 5 |  5.0
Slings         | 2 4 |  4.3
Conjurations   | 1 5 6 |  6.5
Translocations | 1 |  1.9
Earth Magic    | 2 3 |  3.0
Air Magic      | 1 |  1.0
Staves         | |  0.1
Fire Magic     | |  0.1
Evocations     | |  0.3

Action                   |  1- 3 |  4- 6 |  7- 9 | 10-12 | 13-15 || total
-------------------------+-------+-------+-------+-------+-------++-------
Melee: Unarmed           |   107 |   212 |   302 |   113 |       ||   734
       Kick              |    12 |    12 |       |       |       ||    24
       Headbutt          |     6 |    19 |    53 |    11 |       ||    89
       Hand axe          |    15 |       |       |       |       ||    15
       Punch             |       |     5 |       |       |       ||     5
       Long sword        |       |       |       |   431 |   911 ||  1342
       Staff             |       |       |       |       |    41 ||    41
 Fire: Hunting sling     |    40 |    23 |    82 |   151 |   149 ||   445
Throw: Stone             |    10 |     1 |       |     7 |     1 ||    19
 Cast: Beastly Appendage |    24 |    35 |    43 |     9 |       ||   111
       Sticks to Snakes  |    12 |    18 |     6 |    43 |    51 ||   130
       Spider Form       |       |       |     1 |     1 |       ||     2
       Poisonous Vapours |       |       |    14 |    87 |   118 ||   219
       Blade Hands       |       |       |     5 |     8 |       ||    13
       Mephitic Cloud    |       |       |       |    21 |   120 ||   141
       Blink             |       |       |       |     5 |    20 ||    25
       Petrify           |       |       |       |     3 |    28 ||    31
       Stone Arrow       |       |       |       |       |    60 ||    60
       Conjure Flame     |       |       |       |       |    18 ||    18
Evoke: Wand              |       |       |       |     7 |    10 ||    17
  Use: Scroll            |     3 |     6 |     4 |     7 |    15 ||    35
       Potion            |     1 |     2 |       |     3 |     1 ||     7
 Stab: Sleeping          |     1 |     1 |     4 |     9 |    13 ||    28
       Distracted        |     1 |       |       |     3 |     2 ||     6
       Confused          |       |       |       |     2 |    29 ||    31
       Petrified         |       |       |       |     3 |    44 ||    47
       Petrifying        |       |       |       |     1 |    18 ||    19
  Eat: Chunk             |     4 |     3 |    10 |    16 |    28 ||    61
       Ration            |       |     3 |     3 |     7 |     6 ||    19
Armor: Robe              |    20 |    33 |    40 |    46 |       ||   139
       Leather armour    |       |       |       |    21 |       ||    21
       Steam dragon scal |       |       |       |    11 |    27 ||    38
       Acid dragon scale |       |       |       |       |   150 ||   150
Dodge: Dodged            |    78 |   145 |   161 |   451 |   768 ||  1603
       Deflected         |       |       |     1 |     6 |    34 ||    41
Block: Buckler           |       |     7 |    65 |   125 |   243 ||   440
       Rpst.: Long sword |       |       |       |    80 |   142 ||   222
